 Dungeon Crawl Stone Soup version 0.31.0-32-g396128a36d (webtiles) character file.

Game seed: 15525417553212585815

946 MollyMolluskus the Ruffian (level 8, -4/55 HPs)
             Began as an Octopode Fighter on Mar 31, 2024.
             Slain by Edmund
             ... wielding a +5 flail of protection
              (12 damage)
             ... on level 5 of the Dungeon.
             The game lasted 00:14:15 (4416 turns).

MollyMolluskus the Ruffian (Octopode Fighter)       Turns: 4416, Time: 00:14:16

Health: -4/55      AC:  1    Str: 16    XL:     8   Next: 13%
Magic:  8/8        EV: 16    Int:  9    God:
Gold:   205        SH:  6    Dex: 22    Spells: 7/7 levels left

rFire   . .          .
                       - Unarmed
rCold   . . .        a - +0 buckler
rNeg    . . .        (helmet restricted)
rPois   .            (no amulet)
rElec   .            g - +6 ring of dexterity
rCorr   .            (no ring)
SInv    .            (no ring)
Will    .....        (no ring)
Stlth   ++++         (no ring)
HPRegen 0.29/turn    (no ring)
MPRegen 0.11/turn    (no ring)
                     (no ring)

%: no passive effects
@: no status effects
A: almost no armour, amphibious, 8 rings, camouflage 1, gelatinous body 1,
(nimble swimmer 1), tentacles, tentacle spike 1, agile 1
a: no special abilities


You were on level 5 of the Dungeon.
You visited 2 branches of the dungeon, and saw 6 of its levels.

You collected 205 gold pieces.

Inventory:

Hand Weapons
 h - a +3 dagger
Missiles
 e - 8 poisoned darts (quivered)
 f - 6 boomerangs
Armour
 a - a +0 buckler (worn)
Jewellery
 g - a +6 ring of dexterity (left tentacle)
Wands
 i - a wand of polymorph (10)
Scrolls
 c - a scroll of immolation
 j - a scroll of poison
Potions
 b - 2 potions of might
 k - 2 potions of haste
 l - a potion of invisibility {unknown}


   Skills:
 + Level 5.0 Fighting
 + Level 5.0 Dodging
 - Level 4.0 Stealth
 - Level 4.0 Shields
 * Level 6.0 Unarmed Combat


You had 7 spell levels left.
You didn't know any spells.
Your spell library contained the following spells:

 Spells                   Type           Power      Damage    Failure   Level
 Necrotise                Necr           0%         1d4       45%         1
 Lesser Beckoning         Tloc           0%         N/A       61%         2
 Gell's Gravitas          Tloc           0%         N/A       83%         3
 Inner Flame              Hex/Fire       0%         N/A       83%         3
 Teleport Other           Tloc           0%         N/A       83%         3
 Vampiric Draining        Necr           0%         2d6       83%         3
 Martyr's Knell           Necr/Summ      0%         N/A       99%         4
 Curse of Agony           Necr           0%         N/A       100%        5
 Irradiate                Conj/Alch      0%         3d11      100%        5
 Dispersal                Tloc           0%         N/A       100%        6
 Ignition                 Fire           0%         3d3       100%        8


Dungeon Overview and Level Annotations

Branches:
Dungeon (5/15)             Temple (1/1) D:5

Altars:
Ashenzari
Elyvilon
Fedhas
Gozag
Kikubaaqudgha
Makhleb
Nemelex Xobeh
Okawaru
Ru
Vehumet
Yredelemnul
Zin
The Shining One

Annotations:
D:3 2 transporters, mainiacjoe's ghost, amateur OpAr
D:5 Edmund; Ijyb


Innate Abilities, Weirdness & Mutations

You cannot wear most types of armour.
You are amphibious.
You can wear up to eight rings at the same time.
Your skin changes colour to match your surroundings (Stealth+).
Your rubbery body absorbs attacks. (AC +1, EV +1)
((You are camouflaged when in or above water. (Stealth+)))
You have tentacles for arms and can constrict up to eight enemies at once.
One of your tentacles bears a spike.
You are agile. (Dex +4, Str/Int -1)


Message History

You kill the ogre!
Ijyb the Twisted Goblin comes into view.
She is wielding a +0 club and carrying a wand of polymorph.
Your Fighting skill increases to level 5!
Your Dodging skill increases to level 5!
Your Unarmed Combat skill increases to level 6!
There is a staircase to the Ecumenical Temple here.
You climb downwards.
Welcome back to the Ecumenical Temple!
There is a staircase back to the Dungeon here.
You start resting.
HP restored.
You climb upwards.
Welcome back to the Dungeon!
Level annotation: Edmund; Ijyb Edmund hits you with a +5 flail of protection.
Edmund hits you with a +5 flail of protection!
There is a staircase to the Ecumenical Temple, spattered with blood here.
You tentacle-slap Edmund but do no damage.
Your grab misses Edmund.
Edmund hits you with a +5 flail of protection!
You tentacle-slap Edmund but do no damage.
Your grab misses Edmund.
You pierce Edmund, but do no damage.
You block Edmund's attack.
You tentacle-slap Edmund. Your grab misses Edmund.
You pierce Edmund.
Edmund is lightly wounded.
Edmund hits you with a +5 flail of protection.
* * * LOW HITPOINT WARNING * * *
Okay, then.
You barely miss Edmund. You grab Edmund.
Edmund is lightly wounded.
You constrict Edmund.
Edmund hits you with a +5 flail of protection!
* * * LOW HITPOINT WARNING * * *
You feel better.
You constrict Edmund, but do no damage.
Edmund hits you with a +5 flail of protection!
* * * LOW HITPOINT WARNING * * *
You tentacle-slap Edmund. You squeeze Edmund, but do no damage.
Edmund is moderately wounded.
You constrict Edmund.
Edmund hits you with a +5 flail of protection!
You die...
Edmund whines, "They better pay attention to me now!"

..........# ##.#
<......>.####...#
?##............#
#....#.....#..#
#$[.##.....#
#..##..#.#..#
#.##..##.##..##.
...#....##...##....
#..........@@......
#..#....##...##....
.# #.##..##.##..##.
#. ##..#.#..# .[
#.. #.....# ..# #
#..#.....#..# ..
#.........#
...#..##...### ##
.....###.### ###.


You could see Edmund.

Vanquished Creatures
  An ogre (D:5)
  A kobold brigand (D:5)
  Blork the orc (D:5)
  A scorpion (D:4)
  2 killer bees (D:5)
  A howler monkey (D:5)
  2 hounds
  A jelly (D:5)
  A bombardier beetle (D:3)
  A gnoll bouda (D:5)
  Jessica (D:2)
  2 iguanas (D:5)
  A sleepcap (D:4)
  2 orc wizards
  7 gnolls
  7 adders
  A shadow imp (D:5)
  3 dart slugs
  2 ribbon worms
  9 orcs
  9 bats
  2 endoplasms
  3 giant cockroaches
  4 hobgoblins
  6 jackals
  13 kobolds
  6 quokkas
  8 ball pythons
  3 frilled lizards
  8 goblins
  5 rats
114 creatures vanquished.

Vanquished Creatures (others)
  A ball python (D:3)
  A goblin (D:3)
2 creatures vanquished.

Grand Total: 116 creatures vanquished

Notes
Turn   | Place    | Note
-------+----------+-------------------------------------------
     0 | D:1      | MollyMolluskus the Octopode Fighter began the quest for the
                  | Orb.
     0 | D:1      | Reached XP level 1. HP: 16/16 MP: 1/1
   164 | D:1      | Reached XP level 2. HP: 19/21 MP: 2/2
   311 | D:1      | Reached skill level 1 in Stealth
   722 | D:2      | Reached XP level 3. HP: 26/26 MP: 3/3
  1034 | D:2      | Reached skill level 3 in Unarmed Combat
  1034 | D:2      | Reached XP level 4. HP: 24/31 MP: 4/4
  1162 | D:2      | Noticed Jessica
  1175 | D:2      | Gained mutation: You are agile. (Dex +4, Str/Int -1)
                  | [potion of mutation]
  1175 | D:2      | Gained mutation: One of your tentacles bears a spike.
                  | [potion of mutation]
  1179 | D:2      | Killed Jessica
  1304 | D:2      | Found a faded altar of an unknown god.
  1436 | D:2      | Reached XP level 5. HP: 32/36 MP: 5/5
  1837 | D:2      | You fall into a shaft and drop 1 floor!
  1854 | D:3      | Found a transporter.
  1856 | D:3      | Found a transporter.
  1857 | D:3      | Noticed mainiacjoe's ghost (amateur OpAr)
  1859 | D:3      | Identified the +3 giant club "Nann" {heavy, Str+4}
  1859 | D:3      | Noticed an ogre
  1862 | D:3      | Noticed an ogre
  2340 | D:3      | Found a sacrificial altar of Ru.
  2700 | D:3      | Reached XP level 6. HP: 40/43 MP: 6/6
  3038 | D:4      | Reached skill level 4 in Unarmed Combat
  3849 | D:5      | Entered Level 5 of the Dungeon
  3885 | D:5      | Found a sparkling altar of Nemelex Xobeh.
  3889 | D:5      | Reached XP level 7. HP: 28/48 MP: 7/7
  4023 | D:5      | Reached skill level 5 in Unarmed Combat
  4071 | D:5      | Found a radiant altar of Vehumet.
  4071 | D:5      | Noticed Blork the orc
  4083 | D:5      | Killed Blork the orc
  4277 | D:5      | Found a staircase to the Ecumenical Temple.
  4286 | Temple   | Entered the Ecumenical Temple
  4305 | D:5      | Reached XP level 8. HP: 51/54 MP: 8/8
  4312 | D:5      | Noticed Edmund
  4315 | D:5      | Noticed Ijyb
  4316 | D:5      | Reached skill level 5 in Fighting
  4316 | D:5      | Reached skill level 5 in Dodging
  4316 | D:5      | Reached skill level 6 in Unarmed Combat
  4416 | D:5      | Slain by Edmund

Illustrated notes

Levels and vault maps discovered:
D:1:      minmay_arrival_plants_in_alcoves, layout_loops_ring,
          minmay_misc_feat_columns, chequers_big_river,
          chequers_serial_rivers_small_a, hex_medium
D:2:      minmay_recursive_quarters, layout_basic,
          shapermc_ecumenical_altar_notcrosses, uniq_jessica
D:3:      layout_basic, nicolae_ru_awakened_eye, gammafunk_ghost_smash,
          lemuel_flame_loot_1
D:4:      layout_loops_corners
D:5:      layout_rooms, nemelex_diamond_rough_becter, minmay_temple_entry_waves,
          nicolae_eternal_life, kennysheep_another_room, minmay_ruined_shrine,
          uniq_edmund, uniq_ijyb, uniq_blork_the_orc
Temple:   minmay_freezing_vapour_temple

Skill      XL: |  1  2  3  4  5  6  7  8 |
---------------+-------------------------+-----
Stealth        | 1 2 3 4 |  4.0
Unarmed Combat | 3 4 5 6 |  6.0
Dodging        | 4 5 |  5.0
Fighting       | 4 5 |  5.0
Shields        | 4 |  4.0

Action                     |  1- 3 |  4- 6 |  7- 9 || total
---------------------------+-------+-------+-------++-------
  Melee: Unarmed           |    71 |   125 |    63 ||   259
         Tentacles         |    16 |    34 |    19 ||    69
         Constrict         |    20 |    43 |    11 ||    74
         Punch             |     2 |     3 |     3 ||     8
         Kick              |       |    49 |    20 ||    69
  Throw: Stone             |     3 |       |       ||     3
         Dart              |       |     2 |     8 ||    10
         Boomerang         |       |       |     4 ||     4
    Use: Scroll            |     4 |     7 |       ||    11
         Potion            |       |     1 |     4 ||     5
   Stab: Sleeping          |     4 |    24 |       ||    28
 Armour: Skin              |    32 |    34 |    55 ||   121
  Dodge: Dodged            |    28 |    38 |    21 ||    87
  Block: Buckler           |    13 |    19 |    13 ||    45
